 Dungeon Crawl Stone Soup version 0.18.1-8-gdd0e5ea (webtiles) character file.

1529 Dharzhak the Shield-Bearer (level 8, -13/70 (71) HPs)
             Began as a Minotaur Fighter on May 20, 2016.
             Was an Initiate of Gozag.
             Killed from afar by peaced01's ghost (15 damage)
             ... with a bolt of negative energy
             ... on level 6 of the Dungeon on May 28, 2016.
             The game lasted 00:17:28 (5556 turns).

Dharzhak the Shield-Bearer (Minotaur Fighter)       Turns: 5556, Time: 00:17:29

HP:   -13/70 (71)   AC: 12    Str: 24    XL:     8   Next: 55%
MP:   0/7           EV:  5    Int:  5    God:    Gozag
Gold: 442           SH: 10    Dex:  9    Spells: 0 memorised, 7 levels left

rFire  . . .     SeeInvis .     a - +0 war axe
rCold  . . .     Gourm    .     J - +0 plate armour
rNeg   . . .     Faith    .     c - +0 shield
rPois  .         Spirit   +     (helmet restricted)
rElec  .         Dismiss  .     (no cloak)
rCorr  .         Reflect  .     (no gloves)
SustAt .         Harm     .     (no boots)
MR     .....                    H - amulet of guardian spirit
Stlth  ..........               (no ring)
                                (no ring)

@: heavily drained, not resistant to hostile enchantments, extremely unstealthy
A: retaliatory headbutt, horns 2
a: Potion Petition, Call Merchant, Bribe Branch, Renounce Religion


You were on level 6 of the Dungeon.
You worshipped Gozag.
Gozag was noncommittal.
You were not hungry.

You visited 2 branches of the dungeon, and saw 7 of its levels.

You collected 493 gold pieces.
You paid 51 gold pieces to Gozag.

Inventory:

Hand Weapons
 a - a +0 war axe (weapon)
 o - a +0 hunting sling
 y - a +0 flail of draining
 C - a +2 spear of flaming
Missiles
 q - 145 stones (quivered)
 A - 10 sling bullets
 I - 4 tomahawks
Armour
 c - a +0 shield (worn)
 J - a +0 plate armour (worn)
Jewellery
 H - an amulet of guardian spirit (around neck)
Wands
 g - a wand of heal wounds (4/9)
 t - a wand of flame (26/48)
 B - a wand of polymorph (4/24)
 F - a wand of enslavement (13/24)
 K - a wand of enslavement (6/24)
Scrolls
 i - a scroll of recharging {unknown}
 l - a scroll of teleportation {unknown}
 m - a scroll of fog {unknown}
 p - a scroll of immolation {unknown}
 s - 3 scrolls of magic mapping {unknown}
 v - 3 scrolls of remove curse
 w - a scroll of fear {unknown}
 G - a scroll of random uselessness {unknown}
 L - a scroll of amnesia {unknown}
Potions
 d - a potion of might
 e - 4 potions of flight
 j - a potion of heal wounds {unknown}
 k - 2 potions of lignification
 n - 2 potions of haste {unknown}
 r - 2 potions of berserk rage {unknown}
 u - a potion of agility {unknown}
 x - 2 potions of curing
 E - a potion of mutation {unknown}
Comestibles
 b - a fruit
 f - 2 bread rations
 z - a meat ration


   Skills:
 + Level 6.5(4.6) Fighting
 + Level 5.8(4.0) Axes
 + Level 7.1(5.2) Armour
 + Level 4.1(2.3) Dodging
 + Level 1.5(0.0) Stealth
 + Level 7.3(5.4) Shields


You had 7 spell levels left.
You didn't know any spells.

Dungeon Overview and Level Annotations

Branches:
Dungeon (6/15)             Temple (1/1) D:4

Altars:
Ashenzari
Dithmenos
Elyvilon
Fedhas
Gozag
Kikubaaqudgha
Makhleb
Nemelex Xobeh
Okawaru
Pakellas
Sif Muna
Xom
Yredelemnul
The Shining One

Shops:
D:5 :

Annotations:
D:6 peaced01's ghost, novice DrBe


Innate Abilities, Weirdness & Mutations

You reflexively headbutt those who attack you in melee.
You have a pair of horns on your head.


Message History

* * * LOW HITPOINT WARNING * * *
You closely miss peaced01's ghost. Your headbutt misses peaced01's ghost.
Peaced01's ghost hits you!
* * * LOW HITPOINT WARNING * * *
Your plate armour prevents you from hitting peaced01's ghost.
Peaced01's ghost hits you.
* * * LOW HITPOINT WARNING * * *
You block peaced01's ghost's attack.
You miss peaced01's ghost. You block peaced01's ghost's attack.
Your shield prevents you from hitting peaced01's ghost.
Your headbutt misses peaced01's ghost. Peaced01's ghost barely misses you.
You furiously retaliate!
You headbutt peaced01's ghost! Peaced01's ghost hits you!
* * * LOW HITPOINT WARNING * * *
You closely miss peaced01's ghost.
Peaced01's ghost is lightly damaged.
Peaced01's ghost breathes negative energy at you.
The bolt of negative energy hits you!
You feel drained.
You die...
Your body crumbles into a pile of gold.

#......#...))..#
#......#...)...#
#......#...)...#
#+##....##.......###
#.##....####+#...... .
#........#...'...... ..
#........#...#...... ...
#........#...#...... ....
#..@.....#...#......
.....###W##..####+#......
#......#..###......#+#
#......#....#......#..
#......#....#......#.<
#......#....+......#..
#......#....#......#..
#......#....#......#..
#......#....#......#..


You could see peaced01's ghost.

Vanquished Creatures
  The ghost of doroboNeko the Archer, a novice CeHu of Okawaru (D:5)
  Grinder (D:6)
  An orc warrior (D:6)
  A necrophage (D:5)
  An ogre (D:4)
  2 centaurs (D:5)
  An orc priest (D:5)
  A hound (D:5)
  Jessica (D:3)
  7 orc wizards
  Ijyb (D:3)
  3 worker ants
  A hound zombie (D:5)
  Robin (D:3)
  4 gnolls (D:3)
  5 adders
  A shadow imp (D:4)
  An ooze (D:1)
  3 worms
  3 dart slugs
  6 giant geckos
  12 orcs
  A ball python (D:1)
  10 bats
  4 giant cockroaches
  16 goblins
  8 hobgoblins
  13 jackals
  17 kobolds
  2 quokkas
  5 giant newts
  7 rats
141 creatures vanquished.

Vanquished Creatures (others)
  A plant (D:1)
1 creature vanquished.

Grand Total: 142 creatures vanquished

Notes
Turn   | Place    | Note
--------------------------------------------------------------
     0 | D:1      | Dharzhak the Minotaur Fighter began the quest for the Orb.
     0 | D:1      | Reached XP level 1. HP: 19/19 MP: 0/0
    79 | D:1      | Reached XP level 2. HP: 27/27 MP: 1/1
   399 | D:1      | Reached XP level 3. HP: 31/33 MP: 2/2
  1018 | D:2      | Upgraded the game from 0.18.1-6-gd335043 to 0.18.1-8-gdd0e5ea
  1080 | D:2      | Reached skill level 1 in Dodging
  1262 | D:2      | Reached XP level 4. HP: 32/40 MP: 3/3
  1820 | D:3      | Noticed Robin
  1821 | D:3      | Noticed Jessica
  1841 | D:3      | Killed Robin
  1854 | D:3      | Killed Jessica
  1854 | D:3      | Reached XP level 5. HP: 23/47 MP: 4/4
  2236 | D:3      | Noticed Ijyb
  2245 | D:3      | Killed Ijyb
  2245 | D:3      | Reached skill level 5 in Shields
  2492 | D:3      | Found a shadowy altar of Dithmenos.
  2514 | D:3      | Reached skill level 5 in Fighting
  2746 | D:3      | Found a glowing golden altar of the Shining One.
  2907 | D:4      | Found a white marble altar of Elyvilon.
  2980 | D:4      | Found a sparkling altar of Nemelex Xobeh.
  3128 | D:4      | Reached XP level 6. HP: 56/56 MP: 5/5
  3492 | D:4      | Found a staircase to the Ecumenical Temple.
  3497 | Temple   | Entered the Ecumenical Temple
  3507 | Temple   | Became a worshipper of Gozag Ym Sagoz the Greedy
  3645 | D:4      | Reached skill level 5 in Armour
  4105 | D:5      | Entered Level 5 of the Dungeon
  4117 | D:5      | Reached XP level 7. HP: 55/60 MP: 6/6
  4342 | D:5      | Noticed doroboNeko's ghost (novice CeHu)
  4351 | D:5      | Killed doroboNeko's ghost
  4351 | D:5      | Reached skill level 5 in Axes
  4351 | D:5      | Reached skill level 1 in Stealth
  4365 | D:5      | Found Vafobav's Book Emporium.
  4410 | D:5      | Reached XP level 8. HP: 63/69 MP: 5/7
  5169 | D:6      | Noticed Grinder
  5169 | D:6      | Paralysed by Grinder for 5 turns
  5194 | D:6      | Paralysed by Grinder for 5 turns
  5202 | D:6      | Paralysed by Grinder for 4 turns
  5209 | D:6      | Paralysed by Grinder for 7 turns
  5230 | D:6      | Killed Grinder
  5539 | D:6      | Noticed peaced01's ghost (novice DrBe)
  5555 | D:6      | HP: 1/70 [peaced01's ghost (7)]
  5556 | D:6      | Killed from afar by peaced01's ghost

Skill      XL: |  1  2  3  4  5  6  7  8 |
---------------+-------------------------+-----
Fighting       | 4 5 6 |  6.5
Armour         | 4 5 6 7 |  7.1
Shields        | 4 5 6 7 |  7.3
Dodging        | 1 2 3 4 |  4.1
Axes           | 3 4 5 |  5.8
Stealth        | 1 |  1.5

Action                   |  1- 3 |  4- 6 |  7- 9 || total
-------------------------+-------+-------+-------++-------
Melee: War axe           |   128 |   150 |   106 ||   384
       Headbutt          |    10 |    21 |    23 ||    54
  Use: Scroll            |       |       |     4 ||     4
       Potion            |       |       |     1 ||     1
 Stab: Distracted        |       |       |     1 ||     1
  Eat: Chunk             |     1 |     8 |       ||     9
       Royal jelly       |       |     1 |       ||     1
       Fruit             |       |       |     3 ||     3
       Beef jerky        |       |       |     1 ||     1
Armor: Scale mail        |    60 |    64 |    26 ||   150
       Skin              |       |     5 |       ||     5
       Chain mail        |       |       |    20 ||    20
       Plate armour      |       |       |     1 ||     1
Dodge: Dodged            |    49 |    45 |    32 ||   126
Block: Shield            |    97 |    87 |    52 ||   236
